SAA
ATLANTIC CITY SONICS @ NORTHVILLE ECLIPSE
09/17/2041
 
TOP OF THE 1ST
Atlantic City Sonics batting - Pitching for Northville Eclipse : RHP John Seawright
Pitching: RHP John Seawright
Batting: RHB Yong-ho Jheon 0-0: Fly out, F9 (Line Drive, 9, EV 95.0 MPH)
Batting: RHB Garm van Opdorp 0-0: Ball
1-0: Foul Ball, location: 2F
1-1: Ball
2-1: Ball
3-1: Base on Balls
Batting: RHB August Force 0-0: Swinging Strike
0-1: Ball
1-1: Foul Ball, location: 2F
1-2: Strikes out looking
Batting: SHB John Clements 0-0: Foul Ball, location: 2F
0-1: Ball
1-1: Foul Ball, location: 2F
1-2: Ball
2-2: Ball
3-2: Ground out 5-3 (Groundball, 56, EV 79.4 MPH)
Top of the 1st over - 0 runs, 0 hits, 0 errors, 1 left on base; Atlantic City 0 - Northville 0
BOTTOM OF THE 1ST
Northville Eclipse batting - Pitching for Atlantic City Sonics : RHP Arturo Mesa
Pitching: RHP Arturo Mesa
Batting: RHB Junji Ito 0-0: Ball
1-0: Called Strike
1-1: Foul Ball, location: 2F
1-2: Ball
2-2: Ball
3-2: Ground out 5-3 (Groundball, 56, EV 87.5 MPH)
Batting: SHB Javier Murillo 0-0: Called Strike
0-1: Called Strike
0-2: SINGLE (Groundball, 4MD, EV 106.9 MPH)
Batting: LHB You-liang Yang 0-0: Foul Ball, location: 2F
0-1: Fly out, F5 (Flyball, 5D, EV 81.9 MPH)
Batting: SHB Diego Alejandro Secada 0-0: Called Strike
0-1: Ball
1-1: SINGLE (Groundball, 4MD, EV 100.0 MPH)
Javier Murillo to second
Batting: RHB Jaime Burgos 0-0: Ball
1-0: Fielders Choice at 2nd, 5-4 (Groundball, 56, EV 103.8 MPH)
Bottom of the 1st over - 0 runs, 2 hits, 0 errors, 2 left on base; Atlantic City 0 - Northville 0
TOP OF THE 2ND
Atlantic City Sonics batting - Pitching for Northville Eclipse : RHP John Seawright
Batting: RHB Raffaello Dichio 0-0: Called Strike
0-1: Foul Ball, location: 2F
0-2: Fly out, F2 (Popup, 3SF, EV 76.9 MPH)
Batting: LHB Luis González 0-0: Ball
1-0: Foul Ball, location: 2F
1-1: Ball
2-1: Ball
3-1: Base on Balls
Batting: RHB Denis Perrin 0-0: Foul Ball, location: 2F
0-1: Ball
1-1: Ball
2-1: SINGLE (Line Drive, 78M, EV 94.4 MPH)
Luis González to second
Batting: RHB Abhipala Srivastav 0-0: Ball
1-0: Foul Ball, location: 2F
1-1: Called Strike
1-2: Ball
2-2: Ball
3-2: Fielders Choice at 2nd, 6-4 (Groundball, 6, EV 88.8 MPH)
Luis González to third
Batting: RHB Doug Tipton 0-0: Ball
1-0: Foul Ball, location: 2F
1-1: Ball
2-1: Ball
3-1: Foul Ball, location: 2F
3-2: Foul Ball, location: 2F
3-2: Strikes out swinging
Top of the 2nd over - 0 runs, 1 hit, 0 errors, 2 left on base; Atlantic City 0 - Northville 0
BOTTOM OF THE 2ND
Northville Eclipse batting - Pitching for Atlantic City Sonics : RHP Arturo Mesa
Batting: RHB Rafael Manawis 0-0: Ball
1-0: Called Strike
1-1: Swinging Strike
1-2: Foul Ball, location: 2F
1-2: Foul Ball, location: 2F
1-2: Ground out U3 (Groundball, 3, EV 83.8 MPH)
Batting: LHB Javier López 0-0: Ball
1-0: Ball
2-0: Ball
3-0: Called Strike
3-1: Foul Ball, location: 2F
3-2: Foul Ball, location: 2F
3-2: Strikes out swinging
Batting: RHB Chris Owen 0-0: Ball
1-0: Ball
2-0: Ball
3-0: Called Strike
3-1: Foul Ball, location: 2F
3-2: Foul Ball, location: 2F
3-2: Ground out 6-3 (Groundball, 6, EV 90.0 MPH)
Bottom of the 2nd over - 0 runs, 0 hits, 0 errors, 0 left on base; Atlantic City 0 - Northville 0
TOP OF THE 3RD
Atlantic City Sonics batting - Pitching for Northville Eclipse : RHP John Seawright
Batting: RHB Yong-ho Jheon 0-0: Ball
1-0: Called Strike
1-1: Swinging Strike
1-2: Ball
2-2: Strikes out looking
Batting: RHB Garm van Opdorp 0-0: Ground out 6-3 (Groundball, 56D, EV 101.9 MPH)
Batting: RHB August Force 0-0: Ground out 5-3 (Groundball, 56S, EV 83.1 MPH)
Top of the 3rd over - 0 runs, 0 hits, 0 errors, 0 left on base; Atlantic City 0 - Northville 0
BOTTOM OF THE 3RD
Northville Eclipse batting - Pitching for Atlantic City Sonics : RHP Arturo Mesa
Batting: RHB Eduardo Cruz 0-0: Ball
1-0: Ball
2-0: Called Strike
2-1: Ground out 5-3 (Groundball, 56S, EV 83.8 MPH)
Batting: RHB Junji Ito 0-0: Ball
1-0: Called Strike
1-1: Fly out, F5 (Line Drive, 5, EV 66.2 MPH)
Batting: SHB Javier Murillo 0-0: Ball
1-0: Ground out U3 (Groundball, 34, EV 107.5 MPH)
Bottom of the 3rd over - 0 runs, 0 hits, 0 errors, 0 left on base; Atlantic City 0 - Northville 0
TOP OF THE 4TH
Atlantic City Sonics batting - Pitching for Northville Eclipse : RHP John Seawright
Batting: SHB John Clements 0-0: Called Strike
0-1: Swinging Strike
0-2: Strikes out swinging
Batting: RHB Raffaello Dichio 0-0: Fly out, F3 (Popup, 3F, EV 60.0 MPH)
Batting: LHB Luis González 0-0: Foul Ball, location: 2F
0-1: Called Strike
0-2: Ball
1-2: Strikes out swinging
Top of the 4th over - 0 runs, 0 hits, 0 errors, 0 left on base; Atlantic City 0 - Northville 0
BOTTOM OF THE 4TH
Northville Eclipse batting - Pitching for Atlantic City Sonics : RHP Arturo Mesa
Batting: LHB You-liang Yang 0-0: SOLO HOME RUN (Flyball, 7D, EV 98.8 MPH), Distance : 404 ft
Batting: SHB Diego Alejandro Secada 0-0: SINGLE (Groundball, 34D, EV 101.2 MPH)
Batting: RHB Jaime Burgos 0-0: Ball
1-0: Ball
2-0: Fly out, F7 (Flyball, 78S, EV 88.8 MPH)
Batting: RHB Rafael Manawis 0-0: Called Strike
0-1: Hit by Pitch
Diego Alejandro Secada to second
Batting: LHB Javier López 0-0: Ball
1-0: Fly out, F5 (Popup, 15, EV 88.1 MPH)
Batting: RHB Chris Owen 0-0: Swinging Strike
Passed Ball!
Diego Alejandro Secada to third
Rafael Manawis to second
0-1: Fly out, F5 (Popup, 5F, EV 67.5 MPH)
Bottom of the 4th over - 1 run, 2 hits, 0 errors, 2 left on base; Atlantic City 0 - Northville 1
TOP OF THE 5TH
Atlantic City Sonics batting - Pitching for Northville Eclipse : RHP John Seawright
Batting: RHB Denis Perrin 0-0: Ball
1-0: Ball
2-0: Called Strike
2-1: SINGLE (Groundball, 56, EV 89.4 MPH) (infield hit)
Batting: RHB Abhipala Srivastav 0-0: Ball
1-0: Ball
2-0: Fielders Choice at 2nd, 1-6 (Groundball, 13, EV 63.1 MPH)
Batting: RHB Doug Tipton 0-0: SINGLE (Groundball, 6MD, EV 100.6 MPH)
Abhipala Srivastav to second
Batting: RHB Yong-ho Jheon 0-0: Ball
1-0: Ball
2-0: Called Strike
2-1: Swinging Strike
2-2: Strikes out swinging
Batting: RHB Garm van Opdorp 0-0: Ball
1-0: Ball
2-0: Called Strike
2-1: Foul Ball, location: 2F
2-2: Strikes out looking
Top of the 5th over - 0 runs, 2 hits, 0 errors, 2 left on base; Atlantic City 0 - Northville 1
BOTTOM OF THE 5TH
Northville Eclipse batting - Pitching for Atlantic City Sonics : RHP Arturo Mesa
Batting: RHB Eduardo Cruz 0-0: DOUBLE (Flyball, 8RXD, EV 89.4 MPH)
Batting: RHB Junji Ito 0-0: Ball
1-0: Ball
2-0: Bunted foul
2-1: Sac Bunt to 2L - play at third, runner OUT! 2-6
Batting: SHB Javier Murillo 0-0: Ball
1-0: Ball
Junji Ito steals 2nd base
2-0: Ground out 4-3 (Groundball, 4, EV 85.0 MPH)
Junji Ito to third
Batting: LHB You-liang Yang 0-0: Called Strike
0-1: Ball
1-1: Ground out 5-3 (Groundball, 56S, EV 89.4 MPH)
Bottom of the 5th over - 0 runs, 1 hit, 0 errors, 1 left on base; Atlantic City 0 - Northville 1
TOP OF THE 6TH
Atlantic City Sonics batting - Pitching for Northville Eclipse : RHP John Seawright
Batting: RHB August Force 0-0: Ball
1-0: Ball
2-0: Called Strike
2-1: Ground out 6-3 (Groundball, 56D, EV 98.1 MPH)
Batting: SHB John Clements 0-0: Ball
1-0: Foul Ball, location: 2F
1-1: Ball
2-1: Ball
3-1: Foul Ball, location: 2F
3-2: SINGLE (Groundball, 4D, EV 102.5 MPH)
Batting: RHB Raffaello Dichio 0-0: Called Strike
0-1: Ball
1-1: Swinging Strike
1-2: Strikes out swinging
Batting: LHB Luis González 0-0: Foul Ball, location: 2F
0-1: Swinging Strike
0-2: Fly out, F9 (Flyball, 89XD, EV 98.1 MPH)
Top of the 6th over - 0 runs, 1 hit, 0 errors, 1 left on base; Atlantic City 0 - Northville 1
BOTTOM OF THE 6TH
Northville Eclipse batting - Pitching for Atlantic City Sonics : RHP Arturo Mesa
Batting: SHB Diego Alejandro Secada 0-0: Ball
1-0: Ball
2-0: Ball
3-0: Base on Balls
Batting: RHB Jaime Burgos 0-0: Hit by Pitch
Diego Alejandro Secada to second
Pinch Runner at 2nd Daniel Divina:
Batting: RHB Rafael Manawis 0-0: Ball
1-0: Swinging Strike
1-1: Swinging Strike
1-2: Fly out, F9 (Flyball, 9S, EV 91.2 MPH)
Batting: LHB Javier López 0-0: Ball
1-0: Reached on error, E4 (Groundball, 4, EV 86.2 MPH)
Daniel Divina to third
Jaime Burgos to second
Batting: RHB Chris Owen 0-0: Called Strike
0-1: Fielders Choice at 2nd, 3-6 (Groundball, 3, EV 107.5 MPH)
Daniel Divina scores
Jaime Burgos to third
Batting: RHB Eduardo Cruz 0-0: Ball
1-0: Called Strike
1-1: Ball
2-1: Ball
3-1: Called Strike
3-2: Fly out, F1 (Popup, P, EV 86.9 MPH)
Bottom of the 6th over - 1 run, 0 hits, 1 error, 2 left on base; Atlantic City 0 - Northville 2
TOP OF THE 7TH
Atlantic City Sonics batting - Pitching for Northville Eclipse : RHP John Seawright
Batting: RHB Denis Perrin 0-0: Ball
1-0: Ball
2-0: Ball
3-0: Called Strike
3-1: SINGLE (Line Drive, 5D, EV 95.0 MPH)
Batting: RHB Abhipala Srivastav 0-0: Called Strike
0-1: Called Strike
0-2: Ball
1-2: Foul Ball, location: 2F
1-2: Ball
Denis Perrin steals 2nd base
2-2: Ball
3-2: Base on Balls
Pitching: RHP Juan Colón
Batting: RHB Doug Tipton 0-0: Called Strike
0-1: Ball
1-1: Called Strike
1-2: Fly out, F9 (Line Drive, 9D, EV 100.0 MPH)
Runner from 2nd tags up, SAFE at 3rd, no throw by RF
Batting: RHB Yong-ho Jheon 0-0: Called Strike
0-1: Foul Ball, location: 2F
0-2: Foul Ball, location: 2F
0-2: Ball
1-2: SINGLE (Flyball, 56D, EV 96.9 MPH)
Denis Perrin scores
Abhipala Srivastav to second
Batting: RHB Garm van Opdorp 0-0: Fielders Choice at 2nd, 5-4 (Groundball, 56, EV 85.0 MPH)
Abhipala Srivastav to third
Batting: RHB August Force 0-0: Ball
1-0: Ball
2-0: Ball
3-0: Base on Balls
Garm van Opdorp to second
Batting: SHB John Clements 0-0: Called Strike
0-1: Foul Ball, location: 2F
0-2: Ball
1-2: Ball
2-2: Ground out 4-3 (Groundball, 4, EV 75.6 MPH)
Top of the 7th over - 1 run, 2 hits, 0 errors, 3 left on base; Atlantic City 1 - Northville 2
BOTTOM OF THE 7TH
Northville Eclipse batting - Pitching for Atlantic City Sonics : RHP Arturo Mesa
Batting: RHB Junji Ito 0-0: Called Strike
0-1: Fly out, F8 (Line Drive, 8LM, EV 98.1 MPH)
Batting: SHB Javier Murillo 0-0: Ball
1-0: Ground out 6-3 (Groundball, 6, EV 82.5 MPH)
Batting: LHB You-liang Yang 0-0: Called Strike
0-1: Ball
1-1: Ball
2-1: Ball
3-1: SOLO HOME RUN (Flyball, 9LD, EV 105.6 MPH), Distance : 355 ft
Batting: RHB Daniel Divina 0-0: Ball
1-0: Ball
2-0: Called Strike
2-1: Foul Ball, location: 2F
2-2: Ball
3-2: Base on Balls
Batting: RHB Jaime Burgos 0-0: Called Strike
Daniel Divina steals 2nd base
0-1: Foul Ball, location: 2F
0-2: Ball
1-2: Ball
2-2: Ball
3-2: Foul Ball, location: 2F
3-2: Base on Balls
Batting: RHB Rafael Manawis 0-0: Called Strike
0-1: Ball
1-1: Ball
2-1: Fly out, F8 (Flyball, 78S, EV 86.2 MPH)
Bottom of the 7th over - 1 run, 1 hit, 0 errors, 2 left on base; Atlantic City 1 - Northville 3
TOP OF THE 8TH
Atlantic City Sonics batting - Pitching for Northville Eclipse : RHP Juan Colón
Batting: RHB Raffaello Dichio 0-0: Ball
1-0: Ball
2-0: Ball
3-0: Called Strike
3-1: Foul Ball, location: 2F
3-2: SINGLE (Line Drive, 7S, EV 112.5 MPH)
Batting: LHB Luis González 0-0: Called Strike
0-1: Called Strike
0-2: Ball
1-2: Fly out, F8 (Flyball, 8LS, EV 78.1 MPH)
Batting: RHB Denis Perrin 0-0: Ball
1-0: Ball
2-0: Fly out, F7 (Line Drive, 7D, EV 89.4 MPH)
Batting: RHB Abhipala Srivastav 0-0: SINGLE (Line Drive, 56D, EV 98.8 MPH)
Raffaello Dichio to second
Batting: RHB Doug Tipton 0-0: Called Strike
0-1: Ball
1-1: Ground out 3-1 (Groundball, 3S, EV 64.4 MPH)
Top of the 8th over - 0 runs, 2 hits, 0 errors, 2 left on base; Atlantic City 1 - Northville 3
BOTTOM OF THE 8TH
Northville Eclipse batting - Pitching for Atlantic City Sonics : RHP Arturo Mesa
Batting: LHB Javier López 0-0: Swinging Strike
0-1: Ball
1-1: Foul Ball, location: 2F
1-2: Strikes out swinging
Batting: RHB Chris Owen 0-0: Swinging Strike
0-1: Ball
1-1: Ball
2-1: Foul Ball, location: 2F
2-2: Foul Ball, location: 2F
2-2: Foul Ball, location: 2F
2-2: Ball
3-2: SINGLE (Line Drive, 8LS, EV 111.2 MPH)
Pitching: RHP Craig Gunter
Batting: RHB Eduardo Cruz 0-0: Ball
1-0: Ball
2-0: Called Strike
2-1: Ball
3-1: Grounds into double play, 6-4-3 (Groundball, 56, EV 104.4 MPH)
Bottom of the 8th over - 0 runs, 1 hit, 0 errors, 0 left on base; Atlantic City 1 - Northville 3
TOP OF THE 9TH
Atlantic City Sonics batting - Pitching for Northville Eclipse : RHP Juan Colón
Pitching: RHP Erik Jackson
Batting: RHB Yong-ho Jheon 0-0: Called Strike
0-1: Ball
1-1: Ball
2-1: Foul Ball, location: 2F
2-2: SINGLE (Flyball, 8LS, EV 85.0 MPH)
Batting: RHB Garm van Opdorp 0-0: Ball
1-0: Ball
2-0: Ball
3-0: Called Strike
3-1: Foul Ball, location: 2F
3-2: Base on Balls
Yong-ho Jheon to second
Batting: RHB August Force 0-0: Fielders Choice at 2nd, 6-4 (Groundball, 6, EV 91.2 MPH)
Yong-ho Jheon to third
Batting: SHB John Clements 0-0: Ball
1-0: Foul Ball, location: 2F
1-1: Fly out, F8 (Flyball, 78D, EV 101.2 MPH)
Runner from 3rd tags up, SCORES, no throw by CF
Batting: RHB Raffaello Dichio 0-0: Ball
1-0: Foul Ball, location: 2F
1-1: Ball
2-1: Called Strike
2-2: SINGLE (Line Drive, 3D, EV 97.5 MPH)
August Force to second
Runner from 2nd tries for 3rd, SAFE, no throw by RF
Batting: LHB Luis González 0-0: Ball
1-0: Ball
2-0: Ball
3-0: Called Strike
3-1: Base on Balls
Raffaello Dichio to second
Batting: RHB Denis Perrin 0-0: Ball
1-0: Foul Ball, location: 2F
1-1: Fly out, F5 (Popup, 56S, EV 78.8 MPH)
Top of the 9th over - 1 run, 2 hits, 0 errors, 3 left on base; Atlantic City 2 - Northville 3
Tuesday, January 5th, 2021 - OOTP Baseball 20.8 Build 74